 Dungeon Crawl Stone Soup version 0.31-a0-1589-g8f5e8aebd6 (webtiles) character file.

Game seed: 13708296677969642170

1437095 Strat the Metallomancer (level 26, 268/282 HPs)
             Began as a Demonspawn Reaver on Dec 19, 2023.
             Was the Champion of Vehumet.
             Escaped with the Orb
             ... and 3 runes on Jan 5, 2024!
             The game lasted 05:25:13 (95796 turns).

Strat the Metallomancer (Demonspawn Reaver)        Turns: 95796, Time: 05:25:14

Health: 268/282    AC: 40    Str: 17    XL:     26   Next: 18%
Magic:  41/45      EV: 17    Int: 27    God:    Vehumet [******]
Gold:   6030       SH: 10    Dex: 18    Spells: 8/62 levels left

rFire   + + +        b - staff of the Pure Dreams {rF++ Dex+3 Conj}
rCold   + + .        Q - +1 buckler {rC+}
rNeg    + . .        H - +6 acid dragon scales
rPois   +            c - +0 helmet
rElec   +            A - +2 cloak {Stlth+}
rCorr   +            (gloves unavailable)
SInv    +            D - +2 pair of boots
Will    ++...        O - macabre finger necklace {Finger+ rN+}
Stlth   ++           i - ring of Pride {rElec rF+ Will+ Dex-3 SInv}
HPRegen 0.67/turn    u - ring "Rikhoty" {rC+ Str+3 Dex+6 Slay+3}
MPRegen 0.29/turn    M - ring of Wu Jian's Wrath {AC+4 Str+3 SInv}

%: no passive effects
@: studying 3 skills
A: claws 3, slimy green scales 3, icemail 2, robust 3, spiny 2, condensation
shield, hooves 1, clever 1, weak 1, wild magic 2
0: Orb of Zot
}: 3/15 runes: serpentine, barnacled, silver
a: Renounce Religion


You escaped.
You worshipped Vehumet.
Vehumet was exalted by your worship.
You visited 10 branches of the dungeon, and saw 48 of its levels.
You also visited: Ossuary, Bailey and Wizlab.

You collected 8992 gold pieces.
You spent 2962 gold pieces at shops.

Inventory:

Hand Weapons
 a - a +9 demon blade of freezing
Missiles
 h - 18 silver javelins
 R - 10 curare-tipped darts
 Z - 6 throwing nets
Armour
 c - a +0 helmet (worn)
 A - a +2 cloak of stealth (worn)
 D - a +2 pair of boots (worn)
 H - +6 acid dragon scales (worn)
 Q - a +1 buckler of cold resistance (worn)
 Y - quicksilver dragon scales
Magical Staves
 b - the staff of the Pure Dreams (weapon) {rF++ Dex+3 Conj}
   (You found it on level 3 of the Elven Halls)

   [staff of conjuration]

   Base accuracy: +5 Base damage: 5 Base attack delay: 1.2 This weapon's minimum
   attack delay (0.6) is reached at skill level 12.
   Dex+3:     It affects your dexterity (+3).
   rF++:      It greatly protects you from fire.
   Conj:      It increases the power of your Conjurations spells.
   It falls into the 'Staves' category.
   It is a one-handed weapon.
Jewellery
 i - the ring of Pride (left claw) {rElec rF+ Will+ Dex-3 SInv}
   (You bought it in a shop on level 1 of the Vaults)

   [ring of see invisible]

   Dex-3:     It affects your dexterity (-3).
   rF+:       It protects you from fire.
   rElec:     It insulates you from electricity.
   Will+:     It increases your willpower.
   SInv:      It lets you see invisible.
 p - the ring "Laput" {Will+ MP+9 Str+3 Int-4}
   (You took it off a deep elf zephyrmancer on level 3 of the Elven Halls)

   [ring of magical power]

   Str+3:     It affects your strength (+3).
   Int-4:     It affects your intelligence (-4).
   Will+:     It increases your willpower.
   MP+9:      It affects your magic capacity (+9).
 s - a ring of willpower
 u - the ring "Rikhoty" (right claw) {rC+ Str+3 Dex+6 Slay+3}
   (You acquired it on level 3 of the Snake Pit)

   [ring of dexterity]

   Str+3:     It affects your strength (+3).
   Dex+6:     It affects your dexterity (+6).
   Slay+3:    It affects your accuracy & damage with ranged weapons and melee
   (+3).
   rC+:       It protects you from cold.
 K - an amulet of regeneration
 M - the ring of Wu Jian's Wrath (on amulet) {AC+4 Str+3 SInv}
   (You took it off a deep elf demonologist on level 3 of the Elven Halls)

   [ring of protection]

   AC+4:      It affects your AC (+4).
   Str+3:     It affects your strength (+3).
   SInv:      It lets you see invisible.
 O - the macabre finger necklace (around neck) {Finger+ rN+}
   (You took it off an ironbound convoker on level 4 of the Vaults)

   [amulet of nothing]

   Finger+:   It enables you to equip an extra ring.
   rN+:       It protects you from negative energy.
 V - the ring "Egebbic" {rF++ EV+5 Stlth-}
   (You took it off an orc sorcerer on level 3 of the Elven Halls)

   [ring of evasion]

   EV+5:      It affects your evasion (+5).
   rF++:      It greatly protects you from fire.
   Stlth-:    It makes you less stealthy.
Wands
 o - a wand of roots (43)
 v - a wand of flame (122)
 w - a wand of quicksilver (17)
 E - a wand of charming (65)
 P - a wand of digging (3)
 S - a wand of mindburst (8)
Scrolls
 k - a scroll of enchant armour
 l - 3 scrolls of teleportation
 m - 8 scrolls of immolation
 n - 4 scrolls of fog
 x - a scroll of brand weapon
 y - a scroll of blinking
 G - 4 scrolls of silence
 L - 9 scrolls of poison
 T - 2 scrolls of vulnerability
 X - 2 scrolls of enchant weapon
Potions
 d - 2 potions of attraction
 f - 6 potions of lignification
 g - 5 potions of might
 j - 7 potions of berserk rage
 q - 5 potions of enlightenment
 r - 2 potions of haste
 t - 2 potions of heal wounds
 B - 3 potions of resistance
 C - 7 potions of curing
 I - 10 potions of brilliance
 J - 7 potions of ambrosia
 N - 6 potions of invisibility
 U - 6 potions of mutation
 W - 2 potions of magic
Miscellaneous
 e - a phantom mirror


   Skills:
 + Level 19.8 Fighting
 - Level 6.4 Long Blades
 - Level 12.0 Staves
 - Level 12.7 Armour
 - Level 10.0 Dodging
 - Level 5.0 Stealth
 - Level 3.0 Shields
 + Level 18.8 Spellcasting
 - Level 16.6 Conjurations
 - Level 6.0 Hexes
 - Level 6.0 Translocations
 - Level 26.8 Earth Magic
 - Level 10.0 Alchemy
 - Level 10.0 Evocations


You had 8 spell levels left.
You knew the following spells:

 Your Spells              Type           Power      Damage    Failure   Level
a - Swiftness             Air            40%        N/A       19%         3
b - Lee's Rapid Deconstr  Erth           67%        3d30*     1%          5
c - Petrify               Alch/Erth      100%       N/A       1%          4
d - Shatter               Erth           67%        3d49*     3%          9
e - Fulminant Prism       Conj/Alch      62%        3d26      1%          4
f - Irradiate             Conj/Alch      62%        3d32      1%          5
g - Stone Arrow           Conj/Erth      100%       3d13      1%          3
h - Bombard               Conj/Erth      74%        9d12      1%          6
i - Freezing Cloud        Conj/Ice/Air   46%        6-21      5%          5
j - Passage of Golubria   Tloc           75%        N/A       7%          4
k - Yara's Violent Unrav  Hex/Alch       41%        3d16      2%          5
l - Apportation           Tloc           100%       N/A       1%          1

Your spell library contained the following spells:

 Spells                   Type           Power      Damage    Failure   Level
 Ignition                 Fire           20%        3d7       100%        8
 Maxwell's Capacitive Co  Air            20%        ∞         100%        8
 Foxfire                  Conj/Fire      100%       2x1d9     1%          1
 Kiss of Death            Conj/Necr      100%       2d13      1%          1
 Magic Dart               Conj           100%       1d8       1%          1
 Shock                    Conj/Air       100%       1d9       1%          1
 Slow                     Hex            100%       N/A       1%          1
 Sting                    Conj/Alch      100%       1d9       1%          1
 Momentum Strike          Conj/Tloc      100%       3d10      1%          2
 Searing Ray              Conj           100%       2d8       1%          2
 Static Discharge         Conj/Air       100%       3-8/arc   1%          2
 Dazzling Flash           Conj/Hex       100%       N/A       1%          3
 Hailstorm                Conj/Ice       100%       3d16      1%          3
 Mephitic Cloud           Conj/Alch/Air  100%       N/A       1%          3
 Animate Armour           Summ/Erth      100%       N/A       1%          4
 Brom's Barrelling Bould  Conj/Erth      100%       2d11      1%          4
 Iskenderun's Mystic Bla  Conj/Tloc      100%       2d19      1%          4
 Leda's Liquefaction      Alch/Erth      57%        N/A       1%          4
 Iskenderun's Battlesphe  Conj           100%       2d15      1%          5
 Freeze                   Ice            100%       1d10      2%          1
 Jinxbite                 Hex            100%       N/A       2%          2
 Volatile Blastmotes      Fire/Tloc      100%       2d18      2%          3
 Arcjolt                  Conj/Air       53%        1d63      2%          5
 Fireball                 Conj/Fire      53%        3d21      2%          5
 Orb of Destruction       Conj           67%        9d16      2%          7
 Lehudib's Crystal Spear  Conj/Erth      74%        10d17     2%          8
 Confusing Touch          Hex            75%        N/A       3%          3
 Sigil of Binding         Hex            75%        N/A       3%          3
 Tukima's Dance           Hex            75%        N/A       3%          3
 Cigotuvi's Dreadful Rot  Necr/Alch/Air  100%       N/A       4%          2
 Alistair's Intoxication  Alch           60%        N/A       4%          5
 Frozen Ramparts          Ice            80%        1d13      5%          3
 Dimensional Bullseye     Hex/Tloc       37%        N/A       7%          4
 Manifold Assault         Tloc           75%        N/A       7%          4
 Necrotise                Necr           100%       1d9       8%          1
 Summon Small Mammal      Summ           100%       N/A       8%          1
 Conjure Ball Lightning   Conj/Air       53%        3x3d18    8%          6
 Starburst                Conj/Fire      53%        6d14      8%          6
 Call Imp                 Summ           80%        N/A       11%         2
 Sublimation of Blood     Necr           40%        N/A       11%         2
 Airstrike                Air            20%        2d(3-19)  13%         4
 Call Canine Familiar     Summ           40%        N/A       19%         3
 Fugue of the Fallen      Necr           40%        N/A       19%         3
 Ozocubu's Armour         Ice            40%        N/A       19%         3
 Summon Ice Beast         Ice/Summ       40%        N/A       19%         3
 Vampiric Draining        Necr           40%        2d8       19%         3
 Vhi's Electric Charge    Tloc/Air       100%       N/A       19%         4
 Metabolic Englaciation   Hex/Ice        30%        N/A       38%         5
 Silence                  Hex/Air        30%        N/A       38%         5
 Summon Forest            Summ/Tloc      30%        N/A       38%         5
 Summon Mana Viper        Hex/Summ       61%        N/A       38%         5
 Dispel Undead            Necr           40%        3d16      45%         4
 Martyr's Knell           Necr/Summ      40%        N/A       45%         4
 Summon Blazeheart Golem  Fire/Summ      40%        N/A       45%         4
 Summon Lightning Spire   Summ/Air       40%        N/A       45%         4
 Sculpt Simulacrum        Ice/Alch       35%        N/A       67%         6
 Curse of Agony           Necr           40%        N/A       77%         5
 Plasma Beam              Fire/Air       20%        2x1d32    78%         6
 Death Channel            Necr           20%        N/A       99%         6
 Summon Cactus Giant      Summ           20%        N/A       99%         6
 Summon Hydra             Summ           20%        N/A       100%        7
 Dragon's Call            Summ           20%        N/A       100%        9


Dungeon Overview and Level Annotations

Branches:
Dungeon (15/15)            Temple (1/1) D:6            Lair (5/5) D:9
 Shoals (4/4) Lair:3        Snake (4/4) Lair:2        Slime (0/5) Lair:4
    Orc (2/2) D:9             Elf (3/3) Orc:2        Vaults (5/5) D:14
  Crypt (0/3) Vaults:2     Depths (4/4) D:15            Zot (5/5) Depths:4
Ossuary (visited)          Bailey (visited)          WizLab (visited)

Altars:
Ashenzari
Cheibriados
Dithmenos
Fedhas
Gozag
Hepliaklqana
Kikubaaqudgha
Makhleb
Nemelex Xobeh
Okawaru
Qazlal
Ru
Sif Muna
Trog
Uskayaw
Vehumet
Wu Jian
Xom
Yredelemnul
Jiyva

Shops:
D:2 *   Orc:1 *   Orc:2 [([!   Shoals:4 ?   Snake:2 (   Snake:3 :?*
Vaults:1 ==[*   Vaults:5 *:   Zot:5 *   Depths:3 (   Depths:4 (

Portals:
Hell: Depths:1 Depths:2 Depths:3 Depths:4
Abyss: Depths:3 Depths:4
Pandemonium: Depths:2
Ziggurat: Depths:4
Trove: D:12 (give 18 potions of curing)

Annotations:
D:5 1 runed translucent door, drugrobin's ghost, weakling DgDe
D:14 3 runed translucent doors, Rennog's ghost, journeyman GnWn
D:15 3 runed translucent doors, Imulidwi's ghost, journeyman OpFi
Temple 2 transporters
Elf:2 3 runed translucent doors
Zot:4 Parghit


Innate Abilities, Weirdness & Mutations

You have claws for hands.
You are completely covered in slimy green scales. (AC +4, rPois)
A meltable icy envelope protects you from harm. (AC +8)
You are extremely robust. (+30% HP)
You are mostly covered in sharp spines.
A meltable shield of frost defends you. (SH +4)
You have large cloven feet.
Your mind is acute. (Int +4, Str/Dex -1)
You are weak. (Str -2)
Your spells are harder to cast, but more powerful.


Message History

There is a stone staircase leading up here.
You climb upwards.
There is a stone staircase leading down here.
Your extra speed is starting to run out.
You feel yourself slow down.
A tormentor comes into view.
Casting: Bombard (mildly dangerous; 1% risk of failure)
Confirm with . or Enter, or press ? or * to list all spells.
You feel a surge of power!
You erupt in a fountain of uncontrolled magic!
The tormentor is blasted with magical radiation!!!
You kill the tormentor!
Vehumet accepts your kill.
You feel your power returning.
You are very lightly contaminated with residual magic.
Magic restored.
You see here a +0 ring mail.
Your magical contamination has completely faded away.
A shadow demon comes into view.
Casting: Irradiate (mildly dangerous; 1% risk of failure)
Confirm with . or Enter, or press ? or * to list all spells.
Aiming: Bombard (mildly dangerous; 1% risk of failure)
Press: ? - help, Shift-Dir - straight line, f - shadow demon
Aim: a shadow demon (77% to hit)
You feel a surge of power!
The iron shot hits the shadow demon!!!
The shadow demon is almost dead.
The blast sends you backwards.
Unknown command.
Casting: Bombard (mildly dangerous; 1% risk of failure)
Confirm with . or Enter, or press ? or * to list all spells.
Aiming: Bombard (mildly dangerous; 1% risk of failure)
Press: ? - help, Shift-Dir - straight line, f/p - shadow demon
Aim: a shadow demon (almost dead, 77% to hit)
You feel a surge of power!
The iron shot hits the shadow demon!!!
You kill the shadow demon!
Vehumet accepts your kill.
You feel your power returning. The blast sends you backwards.
There is a staircase leading out of the dungeon here.
You can't go down here!
You have escaped!

# #.#...#..........##.# #.# #
#.#...####..####.##)# #.# #
#.#.................# #†# #
#.#...##.........##.# #.# #
#.#(..#8.........8#.# #.# #
#.#...#...8...8...#)# #.# #
#.#..[#8.........8#.#######.#
#
#.##.###.........##.>.......#
# #....#
####8@8############### #
###### ##### # # # # # # #


There were no monsters in sight!

Vanquished Creatures
  2 dread liches (Zot:5)
  An orb of fire (Zot:5)
  2 ancient liches
  A pandemonium lord (D:14)
  2 juggernauts (Depths:3)
  A Killer Klown (Zot:5)
  Bai Suzhen (Vaults:4)
  Margery (Vaults:2)
  Saint Roka (Snake:4)
  Vashnia (Snake:3)
  4 caustic shrikes (Depths:3)
  8 golden dragons
  2 Tzitzimimeh
  2 electric golems
  A Brimstone Fiend (D:4)
  A hellephant (Vaults:1)
  13 tentacled monstrosities
  3 walking earthen tomes
  A walking crystal tome (Zot:4)
  19 Orb Guardians (Zot:5)
  11 titans
  6 quicksilver dragons
  A lich (Vaults:5)
  A deep elf blademaster (Elf:3)
  4 sphinxes
  Polyphemus (Shoals:4)
  2 deep elf master archers (Elf:3)
  A walking divine tome (Depths:3)
  A kraken (Shoals:2)
  Frances (Elf:1)
  3 death cobs
  13 shadow dragons
  An ancient champion (Vaults:2)
  Aizul (Snake:3)
  Kirke (Snake:3)
  12 tengu reavers
  6 nagarajas (Snake:4)
  3 draconian monks
  4 draconian knights
  14 storm dragons
  Roxanne (Elf:3)
  2 narguns
  15 fire giants
  25 frost giants
  6 draconian scorchers
  2 protean progenitors (Zot:1)
  7 deep elf sorcerers
  3 draconian shifters (Zot:1)
  4 deep elf elementalists
  A ghost moth (Zot:4)
  A balrug (Depths:1)
  3 iron dragons
  4 orc warlords
  7 draconian stormcallers
  19 vault wardens
  3 formless jellyfish
  23 very ugly things
  3 spriggan defenders
  19 ironbound preservers
  8 green draconians
  22 stone giants
  11 ironbound thunderhulks
  6 draconian annihilators
  12 black draconians
  4 deep elf death magi
  6 deep elf demonologists
  6 vampire knights
  9 purple draconians
  The ghost of Osyvawk the Marksdraconian, a journeyman DrMo of Hepliaklqana (Lair:4)
  11 yellow draconians
  13 red draconians
  7 white draconians
  4 war gargoyles
  9 dire elephants
  11 deep elf annihilators
  9 spark wasps
  A minotaur (Lair:4)
  Azrael (Snake:3)
  2 crystal guardians (Vaults:3)
  13 ettins
  3 blizzard demons
  10 yaktaur captains
  9 merfolk impalers (Shoals:4)
  7 merfolk javelineers
  13 fire dragons
  Josephine (Lair:5)
  5 deep elf high priests
  Harold (Lair:2)
  3 rakshasas
  7 great orbs of eyes
  2 entropy weavers (Vaults:3)
  40 vault guards
  12 ice dragons
  3 ogre magi
  3 spriggan air magi
  2 hydras
  4 peacekeepers
  3 merfolk avatars
  7 boulder beetles
  6 catoblepae
  2 alligator snapping turtles (Shoals:4)
  11 centaur warriors
  30 death yaks
  A sphinx skeleton (Vaults:2)
  The ghost of IdlyInterested the Fighter, a novice DsFi (D:9)
  13 dancing weapons
  12 anacondas
  4 merfolk aquamancers
  A satyr (Shoals:2)
  11 ironbound frosthearts
  20 two-headed ogres
  15 naga warriors
  5 deep troll earth magi
  A hell hog (Depths:1)
  4 orc high priests
  8 deep troll shamans
  A vampire mage (Depths:1)
  6 tengu warriors
  2 occultists (D:15)
  2 soul eaters
  11 naga sharpshooters
  4 spriggan berserkers (Depths:3)
  14 hell knights
  6 shock serpents
  A sun demon (D:15)
  9 deep elf knights
  2 skysharks (Shoals:1)
  A salamander mystic (D:15)
  2 deep trolls (shapeshifter) (D:14)
  14 iron trolls
  18 sea snakes
  3 arcanists
  5 glowing orange brains
  2 spriggan druids (Depths:3)
  A glowing orange brain (shapeshifter) (Vaults:4)
  8 skeletal warriors (Vaults:2)
  14 deep elf archers
  2 shadow demons
  A mana viper (shapeshifter) (Vaults:4)
  10 mana vipers
  A sea snake (shapeshifter) (Depths:3)
  2 flayed ghosts
  58 deep trolls
  4 naga ritualists
  9 phantasmal warriors
  10 lindwurms
  20 harpies
  24 ironbound convokers
  29 ugly things
  7 orc knights
  7 orc sorcerers
  30 deep elf pyromancers
  6 necromancers
  19 manticores
  A steelbarb worm (shapeshifter) (Vaults:4)
  11 cyclopes
  36 deep elf zephyrmancers
  An oklob plant (Lair:5)
  11 salamanders
  Maurice (D:7)
  38 moths of wrath
  A faun (shapeshifter) (D:14)
  12 fauns
  14 elephants
  8 kobold blastminers
  8 merfolk sirens
  16 naga magi
  9 water nymphs
  7 guardian serpents
  18 vault sentinels
  31 black mambas
  A water nymph (shapeshifter) (Vaults:4)
  Joseph (Lair:1)
  A gargoyle (D:11)
  7 cane toads
  4 molten gargoyles (D:9)
  An orange demon (Zot:3)
  3 komodo dragons
  A hellion (D:13)
  2 rime drakes
  2 kobold demonologists (D:13)
  2 freezing wraiths
  3 efreet (Zot:3)
  A tormentor (D:1)
  21 yaktaurs
  10 tengu conjurers
  An anaconda simulacrum (Snake:3)
  3 meliai (D:12)
  25 merfolk
  A merfolk (shapeshifter) (Depths:3)
  A queen bee (D:12)
  9 trolls
  2 polar bears
  3 hornets
  An alligator simulacrum (Snake:3)
  3 wind drakes (Shoals:4)
  30 blink frogs
  5 snapping turtles
  25 slime creatures
  11 dream sheep
  A glass eye (shapeshifter) (Vaults:1)
  Sigmund (D:5)
  2 air elementals
  A spriggan (Depths:4)
  A slime creature (shapeshifter) (Depths:4)
  2 vampires
  A shadow (D:10)
  4 fire elementals
  4 wyverns
  4 hogs (Snake:3)
  11 water elementals
  A ynoxinul (Depths:2)
  3 steam dragons
  9 wraiths
  A dire elephant simulacrum (Snake:3)
  12 humans
  4 wargs
  67 yaks
  A minotaur simulacrum (Snake:3)
  7 vampire mosquitoes
  2 basilisks
  3 elf skeletons (Vaults:2)
  47 nagas
  5 hell hounds (Snake:3)
  4 acid dragons
  16 water moccasins
  A sky beast (shapeshifter) (D:14)
  5 ice beasts (D:9)
  28 orc warriors
  4 black bears
  17 ogres
  An ogre (shapeshifter) (D:15)
  A boggart (Vaults:2)
  2 glowing shapeshifter skeletons (Vaults:2)
  26 wolves
  10 centaurs
  2 phantoms
  6 kobold brigands
  A gnoll sergeant (D:9)
  6 bullfrogs
  3 earth elementals
  2 human skeletons (Vaults:2)
  4 deep troll simulacra (Snake:3)
  5 wights
  A hornet simulacrum (D:13)
  30 killer bees
  9 howler monkeys
  A lava snake (D:9)
  4 hounds
  24 orc priests
  Crazy Yiuf (D:5)
  A jelly (D:6)
  3 sleepcaps
  2 iguanas
  21 orc wizards
  A mummy (Ossuary)
  9 adders
  10 gnolls
  A shadow imp (D:4)
  2 white imps
  2 ufetubi (D:5)
  3 ribbon worms
  A dart slug (D:3)
  84 orcs
  6 ball pythons
  8 bats
  5 endoplasms
  6 giant cockroaches
  16 goblins
  10 hobgoblins
  3 quokkas
  7 frilled lizards
  10 gnoll skeletons (Ossuary)
  37 kobolds
  6 kobold skeletons (Ossuary)
  9 orc skeletons (Ossuary)
  6 rats
  3 tentacles (Shoals:2)
2196 creatures vanquished.

Vanquished Creatures (collateral kills)
  A walking frostbound tome (Depths:3)
  A two-headed ogre (D:13)
  An orc knight (D:13)
  3 humans (D:13)
  A kobold (Bailey)
7 creatures vanquished.

Vanquished Creatures (others)
  A draconian monk (Zot:5)
  A green draconian (Zot:5)
  A yaktaur captain (Vaults:5)
  2 boulder beetles (Zot:1)
  2 deep elf knights
  A deep elf archer (Elf:2)
  A deep elf zephyrmancer (Elf:2)
  2 deep elf pyromancers
  A human (Snake:3)
  2 nagas
  22 fulminant prisms
  A tentacle (Shoals:2)
37 creatures vanquished.

Grand Total: 2240 creatures vanquished

Notes
Turn   | Place    | Note
-------+----------+-------------------------------------------
     0 | D:1      | Strat the Demonspawn Reaver began the quest for the Orb.
     0 | D:1      | Reached XP level 1. HP: 16/16 MP: 3/3
   138 | D:1      | Gained mutation: You are partially covered in slimy green
                  | scales. (AC +2) [demonic ancestry]
   138 | D:1      | Reached XP level 2. HP: 18/22 MP: 5/5
   141 | D:1      | Learned a level 2 spell: Momentum Strike
   640 | D:1      | Gained mutation: You are mostly covered in slimy green
                  | scales. (AC +3) [demonic ancestry]
   640 | D:1      | Reached XP level 3. HP: 27/27 MP: 6/6
  1116 | D:2      | Reached XP level 4. HP: 32/33 MP: 2/7
  1566 | D:2      | Learned a level 4 spell: Petrify
  1851 | D:2      | Found Oqiu's Assorted Antiques.
  2023 | D:2      | Reached XP level 5. HP: 32/35 MP: 8/8
  2598 | D:3      | Reached skill level 5 in Long Blades
  2932 | D:4      | Noticed a phantom
  2952 | D:3      | Killed a phantom
  3031 | D:4      | Noticed an ogre
  3041 | D:3      | Gained mutation: You have sharp fingernails. [demonic
                  | ancestry]
  3041 | D:3      | Reached XP level 6. HP: 42/44 MP: 9/9
  3668 | D:4      | Reached skill level 1 in Transmutations
  3900 | D:4      | Gained mutation: You are completely covered in slimy green
                  | scales. (AC +4, rPois) [demonic ancestry]
  3900 | D:4      | Reached XP level 7. HP: 49/50 MP: 10/10
  3957 | D:4      | Reached skill level 5 in Conjurations
  4260 | D:5      | Entered Level 5 of the Dungeon
  4264 | D:5      | Identified a scroll of acquirement
  4264 | D:5      | Acquired a book of Conjurations
  4269 | D:5      | Learned a level 2 spell: Searing Ray
  4385 | D:5      | Noticed Sigmund
  4402 | D:5      | Found a runed translucent door.
  4434 | D:5      | Killed Sigmund
  4538 | D:5      | Found a runed translucent door.
  4539 | D:5      | Noticed Crazy Yiuf
  4545 | D:5      | Killed Crazy Yiuf
  4715 | D:5      | Reached XP level 8. HP: 51/54 MP: 12/12
  4770 | D:5      | Found a sand-covered staircase.
  4777 | Ossuary  | Entered an ossuary
  5476 | D:5      | Noticed drugrobin's ghost (weakling DgDe)
  5773 | D:6      | Found a staircase to the Ecumenical Temple.
  5782 | Temple   | Found a transporter.
  5782 | Temple   | Found a transporter.
  5782 | Temple   | Found a transporter.
  5782 | Temple   | Found a transporter.
  5782 | Temple   | Entered the Ecumenical Temple
  5799 | Temple   | Became a worshipper of Vehumet
  5874 | D:5      | Reached skill level 5 in Transmutations
  5958 | D:5      | Learned a level 4 spell: Fulminant Prism
  6158 | D:6      | Reached skill level 1 in Hexes
  6248 | D:6      | Reached skill level 5 in Spellcasting
  6398 | D:6      | Reached XP level 9. HP: 51/61 MP: 10/16
  6572 | D:6      | Found a basalt altar of Yredelemnul.
  6587 | D:6      | Learned a level 5 spell: Irradiate
  6606 | D:6      | Found a shimmering altar of Xom.
  6682 | D:6      | Found a snail-covered altar of Cheibriados.
  6694 | D:6      | Found a sacrificial altar of Ru.
  6845 | D:6      | Reached * piety under Vehumet
  6845 | D:6      | Offered knowledge of Shock by Vehumet.
  7724 | D:7      | Found an iron altar of Okawaru.
  7836 | D:7      | Reached skill level 1 in Earth Magic
  7926 | D:7      | Found a bloodstained altar of Trog.
  7947 | D:7      | Found a flagged portal.
  7989 | Bailey   | Entered a bailey
  8005 | Bailey   | Noticed an orc warlord
  8013 | Bailey   | Reached skill level 2 in Earth Magic
  8085 | Bailey   | Reached ** piety under Vehumet
  8085 | Bailey   | Offered knowledge of Scorch by Vehumet.
  8126 | Bailey   | Noticed an orc knight
  8141 | Bailey   | Killed an orc knight
  8142 | Bailey   | Reached skill level 3 in Earth Magic
  8181 | Bailey   | Noticed an orc knight
  8225 | Bailey   | Killed an orc knight
  8226 | Bailey   | Reached skill level 4 in Earth Magic
  8226 | Bailey   | Gained mutation: You have very sharp fingernails. [demonic
                  | ancestry]
  8226 | Bailey   | Reached XP level 10. HP: 67/67 MP: 17/17
  8301 | Bailey   | Found a runed translucent gate.
  8303 | Bailey   | Found a runed translucent gate.
  8304 | Bailey   | Found a runed translucent gate.
  8331 | Bailey   | Reached skill level 5 in Earth Magic
  8676 | Bailey   | Killed an orc warlord
  8677 | Bailey   | Reached skill level 10 in Conjurations
  8677 | Bailey   | Reached skill level 6 in Earth Magic
  8822 | Bailey   | Identified the staff of Bankruptcy {rElec rC- Will+ Dex+2
                  | Air}
  8829 | Bailey   | Acquired 676 gold pieces
  9063 | D:7      | Noticed Maurice
  9132 | D:7      | Killed Maurice
  9289 | D:7      | Offered knowledge of Frozen Ramparts by Vehumet.
  9840 | D:8      | Reached skill level 7 in Earth Magic
 10612 | D:9      | Found a staircase to the Lair.
 10636 | D:9      | Reached skill level 8 in Earth Magic
 10636 | D:9      | Reached *** piety under Vehumet
 10882 | D:9      | Noticed a molten gargoyle
 10882 | D:9      | Noticed a molten gargoyle
 10992 | D:9      | Gained mutation: You have claws for hands. [demonic
                  | ancestry]
 10992 | D:9      | Reached XP level 11. HP: 72/72 MP: 21/21
 10996 | D:9      | Learned a level 3 spell: Stone Arrow
 11034 | D:9      | Found a runed translucent gate.
 11034 | D:9      | Found a runed translucent gate.
 11034 | D:9      | Found a runed translucent gate.
 11041 | D:9      | Acquired 1107 gold pieces
 11050 | D:9      | Noticed an 11-headed hydra
 11062 | D:9      | Noticed IdlyInterested's ghost (novice DsFi)
 11160 | D:9      | Found a shadowy altar of Dithmenos.
 11551 | D:9      | Noticed a two-headed ogre
 11781 | D:9      | Found a staircase to the Orcish Mines.
 11948 | D:9      | Killed a two-headed ogre
 12243 | D:10     | Entered Level 10 of the Dungeon
 12414 | D:10     | Noticed a two-headed ogre
 12423 | D:10     | Killed a two-headed ogre
 12467 | D:10     | Noticed a white ugly thing
 12574 | D:10     | Noticed a centaur warrior
 12581 | D:10     | Killed a centaur warrior
 12582 | D:10     | Reached skill level 10 in Spellcasting
 12603 | D:10     | Offered knowledge of Flame Wave by Vehumet.
 12681 | D:10     | Killed a white ugly thing
 12682 | D:10     | Reached skill level 1 in Armour
 12743 | D:9      | Learned a level 6 spell: Bombard
 13236 | D:10     | Noticed a boulder beetle
 13517 | D:10     | Noticed a fire dragon
 13534 | D:10     | Killed a boulder beetle
 13669 | D:10     | Killed a fire dragon
 13840 | D:10     | Noticed a two-headed ogre
 13844 | D:10     | Killed a two-headed ogre
 13844 | D:10     | Reached **** piety under Vehumet
 13845 | D:10     | Reached XP level 12. HP: 57/83 MP: 23/26
 14140 | D:11     | Noticed a boulder beetle
 14387 | D:11     | Learned a level 5 spell: Lee's Rapid Deconstruction
 14419 | D:11     | Killed a boulder beetle
 14419 | D:11     | Offered knowledge of Arcjolt by Vehumet.
 14420 | D:11     | Reached skill level 9 in Earth Magic
 14555 | D:11     | Noticed a two-headed ogre
 14565 | D:11     | Killed a two-headed ogre
 14784 | D:11     | Noticed a two-headed ogre
 14805 | D:11     | Killed a two-headed ogre
 14806 | D:11     | Reached skill level 5 in Armour
 15331 | D:12     | Noticed a two-headed ogre
 15343 | D:12     | Killed a two-headed ogre
 15509 | D:12     | Found a portal to a secret trove of treasure.
 15560 | D:12     | Identified the +1 battleaxe of Modesty {venom, rN+ rCorr}
 15716 | D:12     | Reached skill level 5 in Fighting
 15816 | D:12     | Reached skill level 10 in Earth Magic
 15889 | D:12     | Noticed a two-headed ogre
 15906 | D:12     | Killed a two-headed ogre
 16477 | D:13     | Noticed a tengu warrior
 16613 | Lair:1   | Entered Level 1 of the Lair of Beasts
 16687 | Lair:1   | Noticed Joseph
 16697 | Lair:1   | Killed Joseph
 17015 | Lair:1   | Reached skill level 1 in Stealth
 17015 | Lair:1   | Reached skill level 1 in Evocations
 17563 | Lair:2   | Noticed a death yak
 17598 | Lair:2   | Noticed a death yak
 17598 | Lair:2   | Noticed a death yak
 17598 | Lair:2   | Noticed a death yak
 17598 | Lair:2   | Noticed a death yak
 17598 | Lair:2   | Noticed a death yak
 17609 | Lair:1   | Killed a death yak
 17609 | Lair:1   | Reached ***** piety under Vehumet
 17611 | Lair:1   | Killed a death yak
 17690 | Lair:2   | Killed a death yak
 17691 | Lair:2   | Reached XP level 13. HP: 78/95 MP: 20/28
 18016 | Lair:2   | Offered knowledge of Fireball by Vehumet.
 18018 | Lair:2   | Gained mutation: Your body sometimes deteriorates upon
                  | taking damage. [mutagenic glow]
 19010 | Lair:2   | Reached skill level 5 in Stealth
 19010 | Lair:2   | Reached skill level 5 in Evocations
 19355 | Lair:2   | Noticed Harold
 19470 | Lair:2   | Killed Harold
 19528 | Lair:2   | Found a staircase to the Snake Pit.
 20392 | Lair:3   | Reached skill level 10 in Fighting
 21228 | Lair:3   | Gained mutation: A meltable shield of frost defends you.
                  | (SH +4) [demonic ancestry]
 21228 | Lair:3   | Reached XP level 14. HP: 110/110 MP: 22/30
 21785 | Lair:4   | Reached skill level 1 in Shields
 21899 | Lair:4   | Found a viscous altar of Jiyva.
 21944 | Lair:4   | Upgraded the game from 0.31-a0-1308-ga3cce3a448 to
                  | 0.31-a0-1549-g5ff9445e89
 21994 | Lair:4   | Found a staircase to the Slime Pits.
 22315 | Lair:4   | Noticed Osyvawk's ghost (journeyman DrMo)
 22477 | Lair:4   | Found a runed translucent gate.
 22477 | Lair:4   | Found a runed translucent gate.
 22478 | Lair:4   | Found a runed translucent gate.
 22506 | Lair:4   | Offered knowledge of Freezing Cloud by Vehumet.
 22588 | Lair:4   | Learned a level 5 spell: Freezing Cloud
 23239 | Lair:4   | Killed Osyvawk's ghost
 23396 | Lair:5   | Entered Level 5 of the Lair of Beasts
 24153 | Lair:5   | Noticed Josephine
 24256 | Lair:5   | Killed Josephine
 24267 | Lair:5   | Reached skill level 11 in Earth Magic
 24430 | Lair:5   | Offered knowledge of Ozocubu's Refrigeration by Vehumet.
 24666 | Lair:5   | Reached skill level 10 in Armour
 25102 | Lair:5   | Reached skill level 12 in Earth Magic
 25341 | Lair:5   | Gained mutation: You are partially covered in sharp spines.
                  | [demonic ancestry]
 25341 | Lair:5   | Reached XP level 15. HP: 115/115 MP: 24/31
 26123 | Orc:1    | Entered Level 1 of the Orcish Mines
 26222 | Orc:1    | Offered knowledge of Yara's Violent Unravelling by Vehumet.
 26503 | Orc:1    | Found Xaawuf's Assorted Antiques.
 26510 | Orc:1    | Bought a scroll of teleportation for 96 gold pieces
 26510 | Orc:1    | Bought a scroll of teleportation for 96 gold pieces
 26510 | Orc:1    | Bought a scroll of teleportation for 96 gold pieces
 26510 | Orc:1    | Bought a scroll of teleportation for 96 gold pieces
 26510 | Orc:1    | Bought a scroll labelled YKITHR QOTUGRI for 32 gold pieces
 26744 | Orc:2    | Entered Level 2 of the Orcish Mines
 26992 | Orc:2    | Found Xukeranweoda's Armour Boutique.
 27040 | Orc:2    | Found a staircase to the Elven Halls.
 27481 | Orc:2    | Found Warom's Distillery.
 27515 | Orc:2    | Bought a potion of invisibility for 96 gold pieces
 27515 | Orc:2    | Bought a potion of haste for 120 gold pieces
 27515 | Orc:2    | Bought a potion of curing for 36 gold pieces
 28034 | Orc:2    | Found Hixigonk's Antique Weapon Shoppe.
 28036 | Orc:2    | Found Puos's Antique Armour Emporium.
 28494 | D:9      | Killed IdlyInterested's ghost
 28976 | D:13     | Offered knowledge of Plasma Beam by Vehumet.
 29225 | D:13     | You fall into a shaft and drop 2 floors!
 29225 | D:15     | Entered Level 15 of the Dungeon
 29469 | D:15     | Found a runed translucent gate.
 29477 | D:14     | Found a gate to the Vaults.
 29483 | D:15     | Found a runed translucent gate.
 29483 | D:15     | Found a runed translucent gate.
 31734 | D:14     | Found a runed translucent gate.
 31735 | D:14     | Found a runed translucent gate.
 31737 | D:14     | Found a runed translucent gate.
 31836 | D:14     | Learned a level 4 spell: Passage of Golubria
 32011 | D:14     | Reached skill level 1 in Translocations
 32284 | D:14     | Reached XP level 16. HP: 127/127 MP: 33/33
 32314 | D:14     | Found a runed translucent gate.
 32314 | D:14     | Found a runed translucent gate.
 32318 | D:14     | Noticed Rennog's ghost (journeyman GnWn)
 32324 | D:14     | Found a runed translucent gate.
 33197 | D:15     | Found a staircase to the Depths.
 33481 | D:15     | Noticed Imulidwi's ghost (journeyman OpFi)
 33540 | Depths:1 | Entered Level 1 of the Depths
 33540 | Depths:1 | Noticed a titan
 33815 | Snake:1  | Entered Level 1 of the Snake Pit
 33992 | Snake:1  | Learned a level 3 spell: Swiftness
 34696 | Snake:1  | Found a broken altar of Ashenzari.
 34697 | Snake:1  | You fall into a shaft and drop 1 floor!
 34985 | Snake:2  | Offered knowledge of Eringya's Noxious Bog by Vehumet.
 35642 | Snake:1  | Reached skill level 5 in Dodging
 36419 | Snake:2  | Reached ****** piety under Vehumet
 36611 | Snake:2  | Found Ziumudud's Antique Weapon Shoppe.
 37023 | Snake:3  | Noticed Azrael
 37027 | Snake:3  | Killed Azrael
 37028 | Snake:3  | Reached skill level 15 in Spellcasting
 37485 | Snake:3  | Noticed Kirke
 37491 | Snake:3  | Identified the serpent talisman of Mumpuq {Will+ Str+2
                  | SInv}
 37491 | Snake:3  | Noticed Aizul
 37498 | Snake:3  | Killed Kirke
 37510 | Snake:3  | Killed Aizul
 37562 | Snake:3  | Gained mutation: A meltable icy envelope protects you from
                  | harm. (AC +8) [demonic ancestry]
 37562 | Snake:3  | Reached XP level 17. HP: 77/135 MP: 10/36
 37730 | Snake:3  | Noticed Vashnia
 38021 | Snake:3  | Found Ase Tia's General Store.
 38023 | Snake:3  | Found Weidghiutz's Magic Scroll Emporium.
 38025 | Snake:3  | Found Doxul's Book Shoppe.
 38029 | Snake:3  | Bought a scroll of teleportation for 39 gold pieces
 38031 | Snake:3  | Bought a scroll of acquirement for 572 gold pieces
 38033 | Snake:3  | Acquired the ring "Rikhoty" {rC+ Str+3 Dex+6 Slay+3}
 38498 | Snake:3  | Killed Vashnia
 38979 | Snake:4  | Entered Level 4 of the Snake Pit
 38987 | Snake:4  | Offered knowledge of Starburst by Vehumet.
 39113 | Snake:4  | Learned a level 5 spell: Yara's Violent Unravelling
 39227 | Snake:4  | Reached skill level 5 in Translocations
 39478 | Snake:4  | Noticed Saint Roka
 39718 | Snake:4  | Killed Saint Roka
 40777 | Snake:4  | Reached skill level 5 in Hexes
 41182 | Snake:4  | Offered knowledge of Shatter by Vehumet.
 41182 | Snake:4  | Offered knowledge of Ignition by Vehumet.
 41182 | Snake:4  | Offered knowledge of Maxwell's Capacitive Coupling by
                  | Vehumet.
 41532 | Snake:4  | Got a serpentine rune of Zot
 41971 | Shoals:1 | Entered Level 1 of the Shoals
 42045 | Shoals:1 | Reached skill level 10 in Dodging
 42130 | Shoals:1 | Identified the +3 arbalest "No More Talking" {freeze,
                  | rElec}
 42704 | Shoals:2 | Reached skill level 15 in Conjurations
 43220 | Shoals:2 | Reached XP level 18. HP: 124/142 MP: 37/37
 44279 | Shoals:4 | Entered Level 4 of the Shoals
 44669 | Shoals:4 | Reached skill level 13 in Earth Magic
 44672 | Shoals:4 | Got a barnacled rune of Zot
 44759 | Shoals:4 | Noticed Polyphemus
 44780 | Shoals:4 | Killed Polyphemus
 44976 | Shoals:4 | Found Juto's Magic Scroll Emporium.
 44984 | Shoals:4 | Bought a scroll of teleportation for 54 gold pieces
 44984 | Shoals:4 | Bought a scroll of enchant armour for 135 gold pieces
 46650 | Vaults:1 | Entered Level 1 of the Vaults
 46701 | Vaults:1 | Upgraded the game from 0.31-a0-1549-g5ff9445e89 to
                  | 0.31-a0-1576-ga3383bade6
 46702 | Vaults:1 | Found Wimupp's Jewellery Boutique.
 46705 | Vaults:1 | Found Ruefob's Jewellery Shop.
 46714 | Vaults:1 | Bought the ring of Pride {rElec rF+ Will+ Dex-3 SInv} for
                  | 706 gold pieces
 46822 | Vaults:1 | Found Kujag's Antique Armour Boutique.
 46845 | Vaults:1 | Reached skill level 14 in Earth Magic
 46902 | Vaults:1 | Found Viwovop's General Store.
 46988 | Vaults:1 | Found a magical portal.
 47004 | WizLab   | Entered Wucad Mu's Monastery
 47890 | Vaults:1 | Reached XP level 19. HP: 104/153 MP: 14/38
 47897 | Vaults:1 | Reached skill level 15 in Fighting
 48765 | Vaults:1 | Identified the +5 kite shield of Xotaji Uczyh {+Inv Fly
                  | rElec Dex+2}
 48910 | Vaults:1 | Reached skill level 15 in Earth Magic
 49036 | Vaults:2 | Noticed Margery
 49040 | Vaults:2 | Noticed a hellephant
 49055 | Vaults:1 | Killed a hellephant
 49633 | Vaults:1 | Gained mutation: Your health recovers twice as slowly from
                  | being drained. [mutagenic glow]
 50128 | Vaults:2 | Reached skill level 16 in Earth Magic
 50536 | Vaults:2 | Killed Margery
 51417 | Vaults:2 | Found a staircase to the Crypt.
 52535 | Vaults:2 | Gained mutation: You are robust. (+10% HP) [demonic
                  | ancestry]
 52535 | Vaults:2 | Reached XP level 20. HP: 152/180 MP: 12/39
 54113 | Vaults:3 | Reached skill level 17 in Earth Magic
 55562 | Vaults:4 | Reached skill level 10 in Alchemy
 56549 | Vaults:4 | Identified the dragon-blood talisman of Qynwooz {Will+
                  | Str+2 Int+4}
 56549 | Vaults:4 | Noticed Bai Suzhen
 56642 | Vaults:4 | Killed Bai Suzhen
 58354 | Depths:1 | Found a gateway to Hell.
 58477 | Depths:1 | Reached skill level 18 in Earth Magic
 59378 | Depths:1 | Found an ornate altar of the Wu Jian Council.
 60059 | Depths:2 | Gained mutation: You are very robust. (+20% HP) [demonic
                  | ancestry]
 60059 | Depths:2 | Reached XP level 21. HP: 187/211 MP: 17/40
 61093 | Depths:2 | Found a one-way gate leading to the halls of Pandemonium.
 61920 | Depths:3 | Noticed a golden dragon
 62209 | Depths:3 | Found Leus's Weapon Emporium.
 62221 | Depths:3 | Noticed a caustic shrike
 62251 | Depths:3 | Killed a caustic shrike
 62752 | Depths:3 | Noticed a golden dragon
 62799 | Depths:3 | Killed a golden dragon
 62800 | Depths:3 | Reached skill level 19 in Earth Magic
 62890 | Depths:3 | Noticed a juggernaut
 62907 | Depths:3 | Killed a juggernaut
 63605 | Depths:3 | Found a stormy altar of Qazlal.
 64303 | Vaults:1 | Bought a scroll of brand weapon for 142 gold pieces
 64626 | Depths:3 | Noticed a caustic shrike
 64880 | Depths:3 | Killed a caustic shrike
 64975 | Depths:3 | Identified the +1 falchion of Articulation {speed, Int+5}
 65429 | Depths:3 | Gained mutation: A meltable icy envelope protects you from
                  | harm. (AC +8) [demonic ancestry]
 65429 | Depths:3 | Reached XP level 22. HP: 123/216 MP: 38/42
 65675 | Depths:3 | Noticed a golden dragon
 65685 | Depths:3 | Killed a golden dragon
 65758 | Depths:3 | Noticed a caustic shrike
 65765 | Depths:3 | Killed a caustic shrike
 66226 | Depths:3 | Reached skill level 20 in Earth Magic
 66228 | Depths:3 | Noticed a caustic shrike
 66231 | Depths:3 | Noticed a juggernaut
 66642 | Depths:3 | Killed a golden dragon
 66705 | Depths:3 | Found a one-way gate to the infinite horrors of the Abyss.
 66728 | Depths:3 | Killed a juggernaut
 66809 | Depths:3 | Killed a caustic shrike
 67034 | Depths:4 | Entered Level 4 of the Depths
 67042 | Depths:4 | Found a one-way gateway to a ziggurat.
 67555 | Depths:4 | Learned a level 9 spell: Shatter
 68136 | Depths:4 | Found a gate to the Realm of Zot.
 68885 | Depths:4 | Found Uceven's Weapon Emporium.
 69772 | Vaults:5 | Entered Level 5 of the Vaults
 70129 | Vaults:4 | Reached skill level 21 in Earth Magic
 70179 | Vaults:5 | Noticed an ancient lich
 70395 | Vaults:4 | Reached XP level 23. HP: 81/229 MP: 40/44
 70398 | Vaults:4 | Killed an ancient lich
 70408 | Vaults:4 | Gained mutation: Your spells are a little harder to cast,
                  | but a little more powerful. [mutagenic glow]
 72038 | Vaults:5 | Noticed an ancient lich
 72051 | Vaults:5 | Killed an ancient lich
 72052 | Vaults:5 | Reached skill level 22 in Earth Magic
 72092 | Vaults:5 | Identified the +1 short sword "Doasch" {protect, rC+ rN+
                  | Int+5}
 72135 | Vaults:5 | Gained mutation: You are occasionally teleported next to
                  | monsters. [mutagenic glow]
 72246 | Vaults:5 | Identified the +3 leather armour of Woosooc {rC+}
 72644 | Vaults:4 | Lost mutation: You are occasionally teleported next to
                  | monsters. [potion of mutation]
 72644 | Vaults:4 | Lost mutation: Your body sometimes deteriorates upon taking
                  | damage. [potion of mutation]
 72644 | Vaults:4 | Gained mutation: You are weak. (Str -2) [potion of
                  | mutation]
 72644 | Vaults:4 | Gained mutation: Your spells are harder to cast, but more
                  | powerful. [potion of mutation]
 74227 | Vaults:5 | Found Kituyg's Book Shoppe.
 74250 | Vaults:5 | Bought a book of Party Tricks for 418 gold pieces
 74252 | Vaults:5 | Learned a level 1 spell: Apportation
 74255 | Vaults:5 | Got a silver rune of Zot
 74320 | Vaults:5 | Reached skill level 23 in Earth Magic
 74473 | Vaults:5 | Identified the +0 chain mail "Zawib" {Int+3}
 76177 | Vaults:5 | Found Iqampisch's Assorted Antiques.
 76183 | Vaults:5 | Bought a potion of curing for 114 gold pieces
 76183 | Vaults:5 | Bought a potion of curing for 114 gold pieces
 76198 | Vaults:5 | Identified the +6 dagger "Doitegg" {pain, rN+ Str+5}
 76433 | Vaults:4 | Upgraded the game from 0.31-a0-1576-ga3383bade6 to
                  | 0.31-a0-1589-g8f5e8aebd6
 76665 | Zot:1    | Entered Level 1 of the Realm of Zot
 76967 | Elf:1    | Entered Level 1 of the Elven Halls
 77447 | Elf:1    | Noticed Frances
 77452 | Elf:1    | Paralysed by an air elemental for 1 turns
 77453 | Elf:1    | Killed Frances
 77454 | Elf:1    | Reached skill level 24 in Earth Magic
 77486 | Elf:1    | Reached XP level 24. HP: 117/193 MP: 44/44
 77671 | Elf:1    | Identified the +4 scale mail of Amelioration {-Tele rC+
                  | Int+5}
 78445 | Elf:2    | Identified the +3 dagger of Pyhipt {freeze, rC+ rN+ Str+3}
 79092 | Elf:2    | Got Peqek's Papyrus of Congregated Blasts
 79340 | Elf:2    | Found a runed translucent gate.
 79340 | Elf:2    | Found a runed translucent gate.
 79344 | Elf:2    | Found a runed translucent gate.
 79416 | Elf:3    | Entered Level 3 of the Elven Halls
 79861 | Elf:3    | Identified the +6 whip of Rotten Purpose {vamp, *Corrode
                  | rElec Str+5 SInv}
 79979 | Elf:3    | Noticed Roxanne
 80105 | Elf:3    | Paralysed by an air elemental for 1 turns
 80488 | Elf:3    | Killed Roxanne
 80612 | Elf:3    | Identified the ring of Wu Jian's Wrath {AC+4 Str+3 SInv}
 80624 | Elf:3    | Reached skill level 25 in Earth Magic
 80672 | Elf:3    | Identified the ring of Uxyejuc {EV+5 Str+3}
 80690 | Elf:3    | Identified the +7 rapier "Ceuf" {elec, Str+4}
 81316 | Elf:3    | Identified the +6 orcbow "Arbiter" {freeze, rPois Str+4
                  | Dex-3}
 81316 | Elf:3    | Identified the +5 sling of the Fresh God {flame, +Blink
                  | Fly}
 81365 | Elf:3    | Identified the +8 long sword of Jirus {flame, rN+}
 81365 | Elf:3    | Identified the ring "Egebbic" {rF++ EV+5 Stlth-}
 81732 | Elf:3    | Identified the ring "Laput" {Will+ MP+9 Str+3 Int-4}
 81908 | Elf:3    | Identified the staff of Eternity {rF+++ rN+ Will- Str-2
                  | Necro Fire}
 81961 | Elf:3    | Identified the +1 pair of boots of the Mertaur {Str+2}
 81964 | Elf:3    | Identified the staff of Intimidation {rPois rCorr Str+5
                  | Stlth- Alchemy}
 82000 | Elf:3    | Identified the staff of the Pure Dreams {rF++ Dex+3 Conj}
 86350 | Zot:2    | Gained mutation: You are extremely robust. (+30% HP)
                  | [demonic ancestry]
 86350 | Zot:2    | Reached XP level 25. HP: 241/269 MP: 23/45
 87937 | Zot:3    | Reached skill level 26 in Earth Magic
 88295 | Zot:3    | Reached skill level 10 in Evocations
 88365 | Zot:3    | Reached skill level 1 in Staves
 89393 | Zot:3    | Reached skill level 5 in Staves
 89846 | Zot:3    | Gained mutation: You are dopey. (Int -2) [mutagenic glow]
 91146 | Zot:4    | Identified the +6 dire flail "Meptoc" {protect, rElec rN+
                  | Str-5}
 91456 | Zot:4    | Identified the +6 double sword of the Unspeakable One
                  | {flame, rCorr Dex+3}
 91456 | Zot:4    | Noticed Parghit
 92246 | Zot:5    | Entered Level 5 of the Realm of Zot
 92691 | Zot:5    | Reached skill level 10 in Staves
 92713 | Zot:5    | Gained mutation: Armour fits poorly on your strangely
                  | shaped body. [mutagenic glow]
 93112 | Zot:5    | Found Dugikhlo's CLEARANCE SALE!.
 93665 | Zot:5    | Noticed a dread lich
 94227 | Zot:5    | Killed a dread lich
 94340 | Zot:5    | Noticed a Killer Klown
 94353 | Zot:5    | Killed a Killer Klown
 94356 | Zot:5    | Noticed an orb of fire
 94372 | Zot:5    | Gained mutation: You occasionally lose the ability to read
                  | scrolls when taking damage. [an orb of fire]
 94377 | Zot:5    | Killed an orb of fire
 94478 | Zot:5    | Lost mutation: Armour fits poorly on your strangely shaped
                  | body. [potion of mutation]
 94478 | Zot:5    | Lost mutation: You occasionally lose the ability to read
                  | scrolls when taking damage. [potion of mutation]
 94478 | Zot:5    | Lost mutation: Your health recovers twice as slowly from
                  | being drained. [potion of mutation]
 94478 | Zot:5    | Lost mutation: You are dopey. (Int -2) [potion of mutation]
 94478 | Zot:5    | Gained mutation: Your mind is acute. (Int +4, Str/Dex -1)
                  | [potion of mutation]
 94478 | Zot:5    | Gained mutation: You have large cloven feet. [potion of
                  | mutation]
 94515 | Zot:5    | Noticed a dread lich
 94579 | Zot:5    | Paralysed by a dread lich for 2 turns
 94581 | Zot:5    | Killed a dread lich
 94582 | Zot:5    | Gained mutation: You are mostly covered in sharp spines.
                  | [demonic ancestry]
 94582 | Zot:5    | Reached XP level 26. HP: 279/279 MP: 38/45
 95194 | Zot:5    | Got the Orb of Zot
 95488 | D:15     | Noticed Zieplave the pandemonium lord
 95502 | D:14     | Killed Zieplave the pandemonium lord
 95796 | D:$      | Escaped with the Orb!

Illustrated notes

Levels and vault maps discovered:
D:1:      mrwooster_arrival_statue_2, layout_basic
D:2:      layout_loops_ring, serial_shops, nicolae_shop_tiny_real_fake_doors,
          serial_park_tiny_2
D:3:      layout_loops_ring, zin_statuary, kennysheep_doodads,
          nicolae_concentric_dashed_squares_mild
D:4:      layout_basic, tso_altar, grunt_ministairs_1, lexackson_kobold_supper
D:5:      layout_basic, ebering_ghost_reflecting_pool,
          nicolae_ossuary_entry_ruins, uniq_sigmund, uniq_crazy_yiuf_cottage
D:6:      layout_cave_pools, nicolae_overflow_macrodata_refinement,
          minmay_temple_entry_poolview, serial_column_ruins,
          column_ruins_columns_corner, column_ruins_open_medium,
          column_ruins_open_small, column_ruins_open_small,
          column_ruins_open_small_water, moated_statue,
          minmay_misc_feat_hallway, minmay_fractal_squares_diagonal_5
D:7:      layout_cave_pods, nicolae_overflow_crystal_walls,
          kennysheep_okawaru_gauntlet, enter_bailey_5, minivault_25,
          minmay_splitting_lines, nrook_campfire,
          hangedman_abyss_or_decor_passed, uniq_maurice
D:8:      layout_loops_ring
D:9:      layout_basic, lemuel_coloured_pillars_altar, hellmonk_lair_entry_icy,
          orc_0_dummy, gammafunk_ghost_hydra_chop, minivault_8
D:10:     layout_rooms, nzn_random_ring
D:11:     layout_roguey
D:12:     layout_roguey [special_room_bee], enter_trove_3,
          minmay_misc_feat_enclosed
D:13:     layout_basic, nicolae_twisty_statue_hallways
D:14:     layout_layer_cave, david_vaults_3, serial_park_tiny_1,
          ploomutoo_gammafunk_ghost_potion_laboratory, minmay_misc_feat_rows
D:15:     hangedman_depths_entry_civil_slaughter, layout_basic,
          gammafunk_ghost_spectres, nicolae_eternal_life
Temple:   hellmonk_temple_divided_pantheon
Lair:1:   layout_long_grid, lemuel_fruit_tree, uniq_joseph
Lair:2:   layout_concentric_octagons, minmay_snake_entry_guardpost_large,
          uniq_harold
Lair:3:   layout_layer_cave, nicolae_shoals_entry_flooding
Lair:4:   nzn_motion_control, layout_loops_ring, slime_entry_1,
          maelrawn_ghost_gauntlet_escape, beast_lair_carwin_9
Lair:5:   evilmike_catoblepas_cave, layout_small_grid, nicolae_lair_lil_pond,
          infiniplex_staircase_pool_2, grunt_megastairs_4, uniq_josephine
Shoals:1: layout_shoals
Shoals:2: layout_shoals, nicolae_shoals_lost_giant_amphitheater,
          nicolae_shoals_isolated_beach
Shoals:3: layout_shoals
Shoals:4: shoals_end_simple, layout_shoals, serial_shops,
          nicolae_shop_pleasant_corner_grove, uniq_polyphemus
Snake:1:  layout_cave_pods, basic_altar
Snake:2:  nicolae_snake_unarmed_stairs_patrol, layout_misc_corridors,
          serial_shops, nicolae_shop_tiny_waterfront, grunt_megastairs_5
Snake:3:  layout_onion_interference, portal_ice_cave_entry_ice_simulacra,
          minmay_shop_star, uniq_azrael, uniq_vashnia, uniq_kirke, uniq_aizul
Snake:4:  grunt_snake_rune_pools, layout_cave_town, drop_trap,
          grunt_megastairs_2, uniq_saint_roka
Orc:1:    layout_caves, serial_shops, shop
Orc:2:    grunt_orc_community_town_hall, layout_caves,
          grunt_orc_community_big_house_2, grunt_orc_community_big_house_2,
          grunt_orc_community_house_1, grunt_orc_community_house_2,
          grunt_orc_community_house_2, grunt_orc_community_house_2,
          grunt_orc_community_house_3, nicolae_orc_lava_room
Elf:1:    eino_elf_arrival_customs, layout_geoelf_octagon,
          minmay_elf_annihilation, glass_columns_a, evilmike_ambush
          [evilmike_ambush_outer_basic, evilmike_ambush_inner_wall_2],
          uniq_frances
Elf:2:    nicolae_elf_blades_splatter_lattice [nicolae_blade_little_rooms],
          layout_geoelf_octagon, minmay_elf_sorcery
Elf:3:    minmay_elf_hall_not_hex, layout_geoelf_octagon, corexii_checkpoint,
          uniq_roxanne
Vaults:1: infiniplex_enter_wizlab_glasses, nicolae_vaults_know_your_exits,
          v_alt_pattern_6, hangedman_vaults_stretched_pinwheel,
          vaults_standard_mumra_x, nicolae_vaults_trapezoid_2,
          vaults_standard_mumra_enter_the_diamond, v_misc_14, v_alt_pattern_5,
          nicolae_vaults_windows_and_doors_thing, v_misc_8,
          vaults_dpeg_emergency_exit, nicolae_vaults_trapezoid_4,
          ontoclasm_vaults_ring_small, vaults_room_corners,
          layout_vaults_omnibox, serial_shops, nicolae_square_shop,
          nicolae_shop_stone, shop, nicolae_shop_overgrown_old_shop
Vaults:2: minmay_crypt_entry_skeletal_spiral, nicolae_vaults_whirlpool_walls,
          nicolae_vaults_storage_closets_2, v_misc_2, v_rooms_6,
          nicolae_vaults_little_ls, ontoclasm_vaults_loading_screen,
          nicolae_vaults_three_branches, nicolae_vaults_wine_cellar,
          ontoclasm_vaults_decontamination, vaults_room_fours,
          hangedman_vaults_stretched_pinwheel, layout_vaults_maze_bifur,
          uniq_margery
Vaults:3: vaults_room_pools, hangedman_vaults_nodes,
          nicolae_vaults_trapezoid_lopsided_2, nicolae_vaults_tetromino_Z_2,
          ontoclasm_vaults_loading_screen, nicolae_vaults_six-pack,
          nicolae_vaults_door_testing_chamber, nicolae_vaults_diamond_1,
          v_misc_15, nicolae_vaults_surprise_closet, v_misc_10,
          nicolae_vaults_lightning_bolt, nicolae_vaults_tetromino_Z_2,
          layout_vaults_omnicross
Vaults:4: hangedman_vaults_capsules, nicolae_vaults_angled_halls,
          hangedman_vaults_slice, hangedman_vaults_unwind,
          nicolae_vaults_hexular_roomagon, hangedman_vaults_slice,
          nicolae_vaults_storage_closets_1, vaults_dpeg_encased_lava,
          nicolae_vaults_apartment_1, nicolae_vaults_closet_pinwheel_6,
          nicolae_vaults_asterisk, layout_vaults_big_room, uniq_bai_suzhen
Vaults:5
Depths:1: kennysheep_blocky_hall, layout_gridlike, hellmouth_1,
          minmay_door_square, pdpol_wu_jian_five_deadly_venoms
Depths:2: nicolae_cairo_tiling, layout_cave_pools, grunt_decor_one_mirror,
          grunt_pan_entry_zigzag, hell_entry
Depths:3: minmay_octagon_city, layout_cave_shapes, serial_shops,
          nicolae_shop_bloodbath_and_beyond, grunt_metal_band, abyss_entry,
          nicolae_qazlal_style_of_elements, kilobyte_rumbling_trees
Depths:4: grunt_x_marks_the_spot, layout_gridville, enter_ziggurat_b,
          hell_entry, abyss_entry_small_statue_room, serial_shops, shop
Zot:1:    nicolae_zot_stationary_front, layout_concentric_octagons
Zot:2:    layout_gridlike
Zot:3:    lemuel_halls_of_wrath, layout_onion_interference
Zot:4:    layout_basic, nicolae_rock_paper_scissors, uniq_parghit
Zot:5:    layout_misc_corridors, nicolae_shop_clearance

Skill      XL: |  1  2  3  4  5  6  7  8  9 10 11 12 13 14 15 16 17 18 19 20 21 22 23 24 25 26 |
---------------+-------------------------------------------------------------------------------+-----
Long Blades    | 3 4 5 6 |  6.4
Conjurations   | 4 6 9 11 12 13 14 15 16 | 16.6
Transmutations | 2 3 5 6 |  0.0
Spellcasting   | 3 5 6 10 11 12 13 15 16 17 18 | 18.8
Hexes          | 2 3 6 |  6.0
Earth Magic    | 4 8 10 12 14 16 18 19 21 24 25 26 | 26.8
Armour         | 4 5 6 11 12 | 12.7
Fighting       | 3 6 10 11 12 14 15 17 18 19 | 19.8
Stealth        | 2 5 |  5.0
Evocations     | 2 5 8 10 | 10.0
Shields        | 3 |  3.0
Alchemy        | 6 8 10 | 10.0
Translocations | 2 4 6 |  6.0
Dodging        | 7 10 | 10.0
Staves         | 11 12 | 12.0

Action                     |  1- 3 |  4- 6 |  7- 9 | 10-12 | 13-15 | 16-18 | 19-21 | 22-24 | 25-27 || total
---------------------------+-------+-------+-------+-------+-------+-------+-------+-------+-------++-------
  Melee: Falchion          |   137 |   186 |    18 |       |       |       |       |       |       ||   341
         Punch             |     1 |       |     5 |     3 |       |       |       |       |       ||     9
         Long sword        |       |       |   270 |   416 |   494 |    57 |       |       |       ||  1237
         Scimitar          |       |       |       |       |       |    46 |   265 |       |       ||   311
         Demon blade       |       |       |       |       |       |       |     6 |   606 |    19 ||   631
         Staff             |       |       |       |       |       |       |       |    21 |   147 ||   168
   Cast: Momentum Strike   |     3 |    16 |    24 |     7 |       |       |       |       |       ||    50
         Kiss of Death     |       |     2 |     2 |       |     1 |       |       |       |       ||     5
         Searing Ray       |       |       |    47 |    28 |       |       |       |       |       ||    75
         Fulminant Prism   |       |       |     4 |    18 |       |       |       |       |       ||    22
         Petrify           |       |       |     1 |     7 |     3 |       |       |       |       ||    11
         Irradiate         |       |       |       |    37 |    58 |    67 |   137 |   139 |    27 ||   465
         Stone Arrow       |       |       |       |   167 |   452 |   606 |   681 |   221 |     4 ||  2131
         Bombard           |       |       |       |    15 |    28 |     7 |    14 |   227 |   294 ||   585
         Freezing Cloud    |       |       |       |       |    55 |   253 |   341 |    83 |    30 ||   762
         Lee's Rapid Decon |       |       |       |       |     7 |       |     8 |     3 |       ||    18
         Yara's Violent Un |       |       |       |       |       |     1 |     7 |     4 |       ||    12
         Shatter           |       |       |       |       |       |       |       |     7 |       ||     7
         Apportation       |       |       |       |       |       |       |       |     1 |     2 ||     3
  Evoke: Wand              |       |     8 |       |       |     2 |     2 |     5 |     3 |    10 ||    30
    Use: Scroll            |       |     2 |    20 |    13 |     9 |     6 |    23 |    25 |     6 ||   104
         Potion            |       |       |     1 |     4 |     9 |     2 |     6 |    20 |     9 ||    51
   Stab: Sleeping          |       |       |     1 |       |     3 |     4 |     2 |     3 |       ||    13
         Petrified         |       |       |     3 |     6 |     7 |       |       |       |       ||    16
         Petrifying        |       |       |       |     1 |       |       |       |       |       ||     1
         Distracted        |       |       |       |       |       |       |       |     1 |     1 ||     2
 Armour: Leather armour    |    79 |   107 |   280 |       |       |       |       |       |       ||   466
         Steam dragon scal |       |       |    80 |   301 |       |       |       |       |       ||   381
         Acid dragon scale |       |       |       |   282 |   666 |   501 |   758 |   999 |   268 ||  3474
         Quicksilver drago |       |       |       |       |       |       |       |    22 |       ||    22
  Dodge: Dodged            |    95 |   100 |   278 |   442 |   388 |   263 |   385 |   664 |   164 ||  2779
  Block: Buckler           |       |       |       |    30 |   281 |   205 |   279 |   412 |   121 ||  1328

Table legend: (Time is in decaauts)
 A = Elapsed time spent in this place.
 B = Non-inter-level travel time spent in this place.
 C = Inter-level travel time spent in this place.
 D = Time resting spent in this place.
 E = Time spent auto-exploring this place.
 F = Levels seen in this place.
 G = Mean time per level.
                   A        B        C        D        E       F      G
               +--------+--------+--------+--------+--------+-----+--------+
         Total |  96515 |  91655 |   4860 |  32109 |  36481 |  51 | 1892.5 |
       Dungeon |  22607 |  20509 |   2098 |   4607 |  10819 |  15 | 1507.1 |
        Temple |     30 |     30 |      0 |      0 |      0 |   1 |   30.0 |
          Lair |   9737 |   9249 |    488 |   1938 |   5450 |   5 | 1947.4 |
        Shoals |   4848 |   4681 |    167 |   1152 |   2503 |   4 | 1212.0 |
     Snake Pit |   8159 |   7955 |    204 |   2686 |   3408 |   4 | 2039.8 |
  Orcish Mines |   2214 |   2002 |    212 |    134 |   1189 |   2 | 1107.0 |
   Elven Halls |   5215 |   5054 |    161 |   1702 |   2147 |   3 | 1738.3 |
        Vaults |  17596 |  16979 |    617 |   8383 |   4484 |   5 | 3519.2 |
        Depths |  12047 |  11436 |    611 |   5330 |   3099 |   4 | 3011.8 |
           Zot |  12666 |  12368 |    298 |   5698 |   3094 |   5 | 2533.2 |
       Ossuary |    478 |    478 |      0 |    159 |     83 |   1 |  478.0 |
        Bailey |    856 |    856 |      0 |    318 |    194 |   1 |  856.0 |
        Wizlab |     56 |     56 |      0 |      0 |      9 |   1 |   56.0 |
               +--------+--------+--------+--------+--------+-----+--------+

Top non-repeatable levels by time:
Vaults:4: 6347 daAuts
Depths:3: 4889 daAuts
   Zot:1: 3310 daAuts
Vaults:1: 3275 daAuts
Vaults:2: 3005 daAuts
   Zot:5: 2767 daAuts
Depths:2: 2685 daAuts
   Zot:3: 2662 daAuts
   Elf:3: 2642 daAuts
 Snake:3: 2595 daAuts
     D:9: 2577 daAuts
Vaults:3: 2485 daAuts
Vaults:5: 2481 daAuts
 Snake:4: 2438 daAuts
    D:15: 2327 daAuts
